 Dungeon Crawl Stone Soup version 0.23.2-30-g0e89c35649 (webtiles) character file.

Game seed: 13065731739812351868

234 Vojta the Magician (level 6, -10/44 HPs)
             Began as a Gnoll Wizard on June 10, 2019.
             Mangled by an ogre
             ... wielding a +0 giant spiked club
              (23 damage)
             ... on level 4 of the Dungeon.
             The game lasted 00:06:52 (1966 turns).

Vojta the Magician (Gnoll Wizard)                   Turns: 1966, Time: 00:06:52

Health: -10/44     AC:  6    Str: 11    XL:     6   Next: 5%
Magic:  0/16       EV: 13    Int: 21    God:
Gold:   122        SH:  0    Dex: 13    Spells: 10/19 levels left

rFire    . . .     SeeInvis .   z - +0 hunting sling
rCold    . . .     Gourm    .   (no shield)
rNeg     . . .     Faith    .   e - +0 ring mail
rPois    .         Spirit   .   b - +0 hat
rElec    .         Reflect  .   (no cloak)
rCorr    .         Harm     .   m - +0 pair of gloves
MR       .....                  (no boots)
Stlth    ++........             (no amulet)
HPRegen  0.14/turn              s - +1 ring of evasion
MPRegen  0.15/turn              (no ring)

@: very slightly contaminated
A: distributed training, fangs 1, strong nose
a: no special abilities


You were on level 4 of the Dungeon.
You were not hungry.

You visited 1 branch of the dungeon, and saw 4 of its levels.

You collected 122 gold pieces.

Inventory:

Hand Weapons
 h - a +0 short sword
 z - a +0 hunting sling (weapon)
Missiles
 i - 113 stones (quivered)
 k - 13 sling bullets
 o - 8 needles of sleeping
 q - 19 arrows
 u - 50 bolts
 y - 9 poisoned needles
Armour
 a - a +0 robe
 b - a +0 hat (worn)
 e - a +0 ring mail (worn)
 m - a +0 pair of gloves (worn)
Jewellery
 s - a +1 ring of evasion (left hand)
 x - an uncursed amulet of the acrobat {unknown}
Scrolls
 j - a scroll of fear
 l - 3 scrolls of identify
 n - 5 scrolls of enchant weapon {unknown}
 r - a scroll of blinking {unknown}
 v - a scroll of teleportation {unknown}
 w - 2 scrolls of magic mapping {unknown}
Potions
 c - a potion of curing
 f - a potion of resistance
 g - a potion of flight {unknown}
 p - a potion of ambrosia {unknown}
 t - a potion of lignification {unknown}
Comestibles
 d - 8 rations


   Skills:
 + Level 1.7 Fighting
 + Level 1.7 Short Blades
 + Level 1.7 Long Blades
 + Level 1.7 Axes
 + Level 1.7 Maces & Flails
 + Level 1.7 Polearms
 + Level 1.7 Staves
 + Level 1.7 Slings
 + Level 1.7 Bows
 + Level 1.7 Crossbows
 + Level 1.7 Throwing
 + Level 1.7 Armour
 + Level 4.9 Dodging
 + Level 4.5 Stealth
 + Level 1.7 Shields
 + Level 1.7 Unarmed Combat
 + Level 7.3 Spellcasting
 + Level 2.5 Conjurations
 + Level 1.3 Hexes
 + Level 1.3 Charms
 + Level 2.5 Summonings
 + Level 1.3 Necromancy
 + Level 2.5 Translocations
 + Level 1.3 Transmutations
 + Level 1.3 Fire Magic
 + Level 1.3 Ice Magic
 + Level 1.3 Air Magic
 + Level 1.3 Earth Magic
 + Level 1.3 Poison Magic
 + Level 1.9 Invocations
 + Level 1.7 Evocations


You had 10 spell levels left.
You knew the following spells:

 Your Spells              Type           Power        Failure   Level  Hunger
a - Magic Dart            Conj           ###.         7%          1    None
b - Blink                 Tloc           N/A          11%         2    None
c - Mephitic Cloud        Conj/Pois/Air  ###.....     28%         3    None
d - Conjure Flame         Conj/Fire      ###.....     26%         3    None

Your spell library contained the following spells:

 Spells                   Type           Power        Failure   Level  Hunger
 Call Imp                 Summ           ###.....     11%         2    None
 Slow                     Hex            ##......     17%         2    None


Dungeon Overview and Level Annotations

Branches:
Dungeon (4/15)
 Temple: D:4-7

Altars:


Innate Abilities, Weirdness & Mutations

Your experience applies equally to all skills.
You have very sharp teeth.
Your uncanny sense of smell can sniff out nearby items.


Message History

You feel sick.
You are no longer poisoned.
The ogre shouts!
Casting: Magic Dart (safe; 7% risk of failure)
Confirm with . or Enter, or press ? or * to list all spells.
Aiming: Mephitic Cloud (safe; 28% risk of failure)
Press: ? - help, Shift-Dir - straight line You miscast Mephitic Cloud.
You are very lightly contaminated with residual magic.
Your skin glows momentarily.
Casting: Mephitic Cloud (safe; 28% risk of failure)
Confirm with . or Enter, or press ? or * to list all spells.
Aiming: Mephitic Cloud (safe; 28% risk of failure)
Press: ? - help, Shift-Dir - straight line, f - ogre
Aim: an ogre, wielding a +0 giant spiked club You miscast Mephitic Cloud.
You hear a crackling sound.
The ogre hits you with a +0 giant spiked club!!
Ouch! That really hurt!
You die...

#.#####.# #.# #..#
# #.# #.# #..# #.#
#.# #..# #.# #.#
#..# #.# #.# #..#
### #.# #.# #..#
#.. .# #.# #..#
#.# #O# #..# #.#
#@########..####.#
#................#
#.########.#######
### ###


You could see an ogre.

Vanquished Creatures
  An ogre (D:4)
  A howler monkey (D:4)
  A hound (D:4)
  4 adders
  A worm (D:2)
  A leopard gecko (D:1)
  4 bats
  3 giant cockroaches
  9 goblins
  10 hobgoblins
  4 jackals (D:2)
  2 quokkas
  4 frilled lizards
  5 kobolds
  5 rats
55 creatures vanquished.

Notes
Turn   | Place    | Note
-------+----------+-------------------------------------------
     0 | D:1      | Vojta the Gnoll Wizard began the quest for the Orb.
     0 | D:1      | Reached XP level 1. HP: 13/13 MP: 8/8
   194 | D:1      | Reached XP level 2. HP: 15/19 MP: 8/10
   365 | D:1      | Learned a level 2 spell: Blink
   493 | D:2      | Reached XP level 3. HP: 23/25 MP: 9/11
   692 | D:2      | Reached skill level 1 in Invocations
   855 | D:3      | Reached skill level 1 in Fighting
   855 | D:3      | Reached skill level 1 in Short Blades
   855 | D:3      | Reached skill level 1 in Long Blades
   855 | D:3      | Reached skill level 1 in Axes
   855 | D:3      | Reached skill level 1 in Maces & Flails
   855 | D:3      | Reached skill level 1 in Polearms
   855 | D:3      | Reached skill level 1 in Staves
   855 | D:3      | Reached skill level 1 in Slings
   855 | D:3      | Reached skill level 1 in Bows
   855 | D:3      | Reached skill level 1 in Crossbows
   855 | D:3      | Reached skill level 1 in Throwing
   855 | D:3      | Reached skill level 1 in Armour
   855 | D:3      | Reached skill level 1 in Shields
   855 | D:3      | Reached skill level 1 in Unarmed Combat
   855 | D:3      | Reached skill level 1 in Evocations
   881 | D:3      | Reached XP level 4. HP: 26/32 MP: 10/13
   894 | D:3      | Learned a level 3 spell: Mephitic Cloud
  1170 | D:3      | Learned a level 3 spell: Conjure Flame
  1875 | D:4      | Noticed an ogre
  1879 | D:4      | Reached skill level 1 in Hexes
  1879 | D:4      | Reached skill level 1 in Charms
  1879 | D:4      | Reached skill level 1 in Necromancy
  1879 | D:4      | Reached skill level 1 in Transmutations
  1879 | D:4      | Reached skill level 1 in Fire Magic
  1879 | D:4      | Reached skill level 1 in Ice Magic
  1879 | D:4      | Reached skill level 1 in Air Magic
  1879 | D:4      | Reached skill level 1 in Earth Magic
  1879 | D:4      | Reached skill level 1 in Poison Magic
  1888 | D:4      | Killed an ogre
  1888 | D:4      | Reached XP level 5. HP: 28/37 MP: 1/14
  1906 | D:4      | Reached XP level 6. HP: 14/44 MP: 0/16
  1966 | D:4      | Mangled by an ogre

Skill      XL: |  1  2  3  4 |
---------------+-------------+-----
Conjurations   | 2 |  2.5
Summonings     | 2 |  2.5
Translocations | 2 |  2.5
Invocations    | 1 |  1.9
Fighting       | 1 |  1.7
Short Blades   | 1 |  1.7
Long Blades    | 1 |  1.7
Axes           | 1 |  1.7
Maces & Flails | 1 |  1.7
Polearms       | 1 |  1.7
Staves         | 1 |  1.7
Slings         | 1 |  1.7
Bows           | 1 |  1.7
Crossbows      | 1 |  1.7
Throwing       | 1 |  1.7
Armour         | 1 |  1.7
Shields        | 1 |  1.7
Unarmed Combat | 1 |  1.7
Evocations     | 1 |  1.7
Hexes          | 1 |  1.3
Charms         | 1 |  1.3
Necromancy     | 1 |  1.3
Transmutations | 1 |  1.3
Fire Magic     | 1 |  1.3
Ice Magic      | 1 |  1.3
Air Magic      | 1 |  1.3
Earth Magic    | 1 |  1.3
Poison Magic   | 1 |  1.3
Dodging        | |  4.9
Stealth        | |  4.5
Spellcasting   | |  7.3

Action                   |  1- 3 |  4- 6 || total
-------------------------+-------+-------++-------
Melee: Short sword       |   121 |    91 ||   212
       Bite              |     9 |     6 ||    15
 Cast: Magic Dart        |    24 |    10 ||    34
       Blink             |     1 |     2 ||     3
       Conjure Flame     |       |     1 ||     1
       Mephitic Cloud    |       |     1 ||     1
  Use: Potion            |     1 |     2 ||     3
       Scroll            |       |     3 ||     3
 Stab: Sleeping          |     4 |       ||     4
       Confused          |       |     4 ||     4
       Distracted        |       |     1 ||     1
  Eat: Ration            |       |     1 ||     1
       Chunk             |       |     1 ||     1
Armor: Ring mail         |    73 |    28 ||   101
Dodge: Dodged            |   113 |    86 ||   199
